 Dungeon Crawl Stone Soup version 0.29.0-10-g45618ea6d2 (webtiles) character file.

Game seed: 11102943594484082925

267758 Flugkiller the Tortoise (level 18, -1/178 HPs)
             Began as a Minotaur Fighter on Sept 1, 2022.
             Was an Initiate of Gozag.
             Slain by Parghit (17 damage)
             ... on level 1 of the Depths.
             The game lasted 00:20:48 (41462 turns).

Flugkiller the Tortoise (Minotaur Fighter)         Turns: 41462, Time: 00:20:49

Health: -1/178     AC: 43    Str: 23    XL:     18   Next: 92%
Magic:  0/17       EV: 12    Int:  5    God:    Gozag
Gold:   6461       SH: 15    Dex: 16    Spells: 17/17 levels left

rFire   + . .      SeeInvis .   a - +5 broad axe (vamp)
rCold   + + .      Faith    .   o - +1 kite shield {AC+3}
rNeg    . . .      Spirit   +   f - +3 gold dragon scales
rPois   +          Reflect  .   (helmet restricted)
rElec   .          Harm     .   G - +2 cloak
rCorr   .          Rampage  .   m - +0 pair of gloves
Will    +....                   x - +3 pair of mountain boots {steadfast, rC+}
Stlth   ..........              k - amulet of guardian spirit
HPRegen 0.39/turn               g - ring of flight
MPRegen 0.15/turn               p - +4 ring of protection

@: mighty, brilliant, about to teleport, gold aura, flying, hasted, very quick
A: horns 2, retaliatory headbutt
}: 3/15 runes: decaying, serpentine, abyssal
a: Renounce Religion, Potion Petition, Call Merchant, Bribe Branch


You were on level 1 of the Depths.
You worshipped Gozag.
Gozag was greatly pleased with you.
You visited 7 branches of the dungeon, and saw 34 of its levels.
You visited the Abyss 1 time.
You also visited: Sewer.

You collected 12705 gold pieces.
You spent 3681 gold pieces at shops.
You paid 2563 gold pieces to Gozag.

Inventory:

Hand Weapons
 a - a +5 vampiric broad axe (weapon)
   (You bought it in a shop on level 13 of the Dungeon)
 b - a +0 dagger of distortion
   (You took it off Psyche on level 8 of the Dungeon)
 R - a +5 battleaxe of flaming
   (You took it off Urug on level 11 of the Dungeon)
Missiles
 A - 10 boomerangs (quivered)
 T - 2 silver javelins
 V - 2 throwing nets
Armour
 f - +3 gold dragon scales (worn)
   (You bought it in a shop on level 2 of the Lair of Beasts)
 m - a +0 pair of gloves (worn)
   (You found it on level 2 of the Dungeon)
 o - a +1 kite shield of protection (worn)
   (You bought it in a shop on level 13 of the Dungeon)
 x - the +3 pair of mountain boots (worn) {steadfast, rC+}
   (You acquired it on level 2 of the Lair of Beasts)

   It prevents involuntary movement, except for blinking, teleportation, or
   banishment.
   rC:        It protects you from cold.
 G - a +2 cloak (worn)
   (You found it on level 8 of the Dungeon)
 S - the +0 cloak "Hasar" {Rampage Will+ rCorr Str-5}
   (You bought it in a shop on level 2 of the Snake Pit)

   Str:       It affects your strength (-5).
   rCorr:     It protects you from acid and corrosion.
   Rampage:   It bestows one free step when moving towards enemies.
   Will:      It increases your willpower.
Jewellery
 c - a ring of protection from cold
   (You found it on level 10 of the Dungeon)
 g - a ring of flight (left hand)
   (You found it on level 13 of the Dungeon)
 i - a ring of see invisible
   (You took it off an orc priest on level 10 of the Dungeon)
 k - an amulet of guardian spirit (around neck)
   (You found it on level 10 of the Dungeon)
 p - a +4 ring of protection (right hand)
   (You bought it in a shop on level 13 of the Dungeon)
 O - a +6 ring of strength
   (You found it on level 10 of the Dungeon)
Wands
 y - a wand of paralysis (9)
   (You took it off a gnoll on level 4 of the Dungeon)
 H - a wand of acid (18)
   (You found it on level 7 of the Dungeon)
 I - a wand of iceblast (10)
   (You found it on level 12 of the Dungeon)
Scrolls
 l - 4 scrolls of magic mapping
 r - a scroll of brand weapon
 s - 4 scrolls of immolation
 t - 2 scrolls of teleportation
 u - 5 scrolls of fog
 v - 2 scrolls of enchant armour
 z - 2 scrolls of blinking
 J - 5 scrolls of fear
 K - 4 scrolls of silence
 L - 4 scrolls of enchant weapon
 M - a scroll of summoning
Potions
 d - 5 potions of might
 e - 11 potions of mutation
 h - 3 potions of haste
 j - 2 potions of invisibility
 n - 5 potions of resistance
 q - 9 potions of curing
 w - 12 potions of heal wounds
 B - a potion of magic
 C - 3 potions of cancellation
 D - 4 potions of lignification
 E - 6 potions of flight
 P - a potion of ambrosia
 U - 2 potions of berserk rage
Miscellaneous
 F - a condenser vane
   (You found it on level 1 of the Swamp)


   Skills:
 + Level 20.2 Fighting
 - Level 18.0 Axes
 + Level 20.2 Armour
 + Level 18.0 Dodging
 - Level 15.0 Shields
 - Level 6.0 Evocations


You had 17 spell levels left.
You didn't know any spells.
Your spell library was empty.

Dungeon Overview and Level Annotations

Branches:
Dungeon (15/15)            Temple (1/1) D:6            Lair (5/5) D:11
  Swamp (4/4) Lair:2        Snake (4/4) Lair:2        Slime (0/5) Lair:4
    Orc (2/2) D:11            Elf (0/3) Orc:2        Vaults (0/5) D:13
 Depths (3/4) D:15          Sewer (visited)

Altars:
Ashenzari
Cheibriados
Dithmenos
Elyvilon
Fedhas
Gozag
Hepliaklqana
Kikubaaqudgha
Makhleb
Nemelex Xobeh
Okawaru
Qazlal
Ru
Sif Muna
Trog
Uskayaw
Vehumet
Wu Jian
Xom
Yredelemnul
Zin
The Shining One

Shops:
D:9 (   D:13 ([([=   Orc:2 ([(   Lair:2 [   Snake:2 [   Snake:3 [?

Annotations:
D:14 2 transporters, Flugkiller's ghost, journeyman MiFi
Swamp:3 Mara
Swamp:4 exclusion: 3 oklob plants
Snake:4 2 transporters, Dadghomedgh's ghost, adept GnHW
Depths:1 Parghit


Innate Abilities, Weirdness & Mutations

You have a pair of horns on your head.
You reflexively headbutt those who attack you in melee.


Message History

You completely miss the spriggan defender.
The spriggan defender completely misses you.
You furiously retaliate!
You headbutt the spriggan defender. You slash Parghit!
You feel better.
Parghit is moderately wounded.
You slash the spriggan defender!
The spriggan defender hits you but does no damage.
Parghit closely misses you. You block Parghit's attack. Parghit claws you!
You slice Parghit!!
You feel better.
You headbutt Parghit, but do no damage.
Parghit is lightly wounded.
The spriggan defender blocks your attack.
The spriggan defender hits you but does no damage.
You hit Parghit.
You feel better.
Parghit is moderately wounded.
The spriggan defender blocks your attack.
Parghit closely misses you. Parghit barely misses you. Parghit claws you.
You hit Parghit.
You feel better.
Parghit is lightly wounded.
The spriggan defender blocks your attack.
The spriggan defender closely misses you.
You slash Parghit!
Parghit is lightly wounded.
You miss the spriggan defender.
The spriggan defender hits you but does no damage.
Parghit bites you but does no damage. Parghit claws you but does no damage.
You block Parghit's attack.
You closely miss Parghit. Your headbutt misses Parghit.
You slice the spriggan defender!!
You block the spriggan defender's attack.
You completely miss Parghit. You headbutt Parghit!
Parghit is lightly wounded.
You closely miss the spriggan defender.
The spriggan defender hits you with a +4 flail of protection!
Parghit barely misses you. You furiously retaliate!
You headbutt Parghit. Parghit claws you. Parghit barely misses you.
You slash Parghit!
You feel better.
Parghit is lightly wounded.
You slash the spriggan defender!
The spriggan defender closely misses you.
You furiously retaliate!
You headbutt the spriggan defender. Parghit bites you!
Parghit claws you but does no damage. You block Parghit's attack.
You hit Parghit.
You feel better.
Parghit is lightly wounded.
The spriggan defender blocks your attack.
You block the spriggan defender's attack.
You slash Parghit!
You feel better.
Parghit is lightly wounded.
You slice the spriggan defender!!
You feel better.
You kill the spriggan defender!
Your Dodging skill increases to level 18!
You hit Parghit.
Parghit is lightly wounded.
You block Parghit's attack. x2; Parghit claws you but does no damage.
You hit Parghit but do no damage. You slice Parghit!! You headbutt Parghit!!
Parghit is moderately wounded.
You block Parghit's attack. Parghit closely misses you. Parghit claws you!!
You slice Parghit!!
You feel better.
Parghit is moderately wounded.
You barely miss Parghit.
Parghit is moderately wounded.
Parghit snarls, "Me hang you on necklace!"
Parghit bites you! Parghit claws you but does no damage. Parghit claws you!
You slash Parghit!
You feel better.
Parghit is moderately wounded.
Parghit misses you. You furiously retaliate!
You headbutt Parghit! Parghit claws you! Parghit claws you but does no damage.
You completely miss Parghit.
Parghit is lightly wounded.
You slash Parghit! Your headbutt misses Parghit.
Parghit is moderately wounded.
Parghit bites you! Parghit barely misses you.
Parghit claws you but does no damage.
You closely miss Parghit. You headbutt Parghit.
Parghit is lightly wounded.
You closely miss Parghit.
Parghit is lightly wounded.
You block Parghit's attack. Parghit claws you!
Parghit claws you but does no damage.
You barely miss Parghit. You headbutt Parghit.
Parghit is lightly wounded.
You slash Parghit!
You feel better.
You headbutt Parghit, but do no damage.
Parghit is lightly wounded.
As you read the scroll of teleportation, it crumbles to dust.
You feel strangely unstable. You block Parghit's attack.
Parghit claws you but does no damage. Parghit claws you!!
* * * LOW HITPOINT WARNING * * *
You slice Parghit!!
Parghit is lightly wounded.
Parghit bites you but does no damage. Parghit claws you!
* * * LOW HITPOINT WARNING * * *
Parghit completely misses you.
You hit Parghit but do no damage. You hit Parghit. You headbutt Parghit!
Parghit is lightly wounded.
Parghit bites you!
* * * LOW HITPOINT WARNING * * *
Parghit claws you but does no damage. Parghit claws you!!
You die...
Your body crumbles into a pile of gold.

#.#.##.##.#.##.....)......#
#.#.##}.#.#.##.............
#.#.##..#.#.##.............
#.#.#...#.#.#######....##..
#.#.#...#.#.###.....#### .
#.#.....#.....#####
.#.#.....#.#####
.........T$# '####....#@#
..2 ##...### ... ##..# ..
#..# #..# .#..# .+..#


You could see Parghit.

Vanquished Creatures
  A tentacled monstrosity (Depths:3)
  Mlioglotl (Snake:2)
  A lich (Depths:2)
  A tentacled starspawn (Abyss:4)
  6 thorn hunters
  Kirke (D:15)
  A fenstrider witch (Swamp:3)
  A fire giant (Depths:2)
  6 nagarajas (Snake:4)
  2 orc warlords
  A frost giant (Depths:1)
  A ghost moth (Abyss:4)
  Aizul (Snake:3)
  A spriggan defender (Depths:1)
  10 very ugly things
  Nessos (D:15)
  4 eleionomae
  4 bunyips
  2 vampire knights (Swamp:4)
  An entropy weaver (Abyss:4)
  A blizzard demon (Abyss:4)
  A merfolk javelineer (Abyss:4)
  4 shambling mangroves
  A salamander tyrant (Snake:4)
  15 hydras
  4 boulder beetles
  A hell beast (Depths:1)
  3 catoblepae (Lair:5)
  A ghost crab (Swamp:1)
  5 ogre magi
  3 centaur warriors
  6 anacondas
  A deep troll shaman (Depths:1)
  12 naga warriors
  21 two-headed ogres
  2 tengu warriors
  10 alligators
  16 naga sharpshooters
  A deep troll earth mage (Depths:1)
  3 thrashing horrors (Abyss:4)
  16 death yaks
  2 orc high priests (Orc:2)
  Urug (D:11)
  A spriggan berserker (Depths:1)
  3 shock serpents
  A hell knight (Depths:2)
  A deep elf knight (Orc:2)
  A wretched star (Abyss:4)
  10 skeletal warriors (D:14)
  5 goliath frogs
  An iron troll (Depths:1)
  4 salamander mystics (Snake:4)
  7 spriggan druids
  A spatial maelstrom (Abyss:4)
  3 spectral hydras (Swamp:4)
  Lodul (D:14)
  4 naga ritualists
  4 bog bodies
  3 deep trolls (Depths:1)
  6 swamp dragons
  A lindwurm (D:13)
  A phantasmal warrior (D:13)
  2 orc knights
  2 wizards
  5 orc sorcerers
  3 deep elf zephyrmancers (Orc:2)
  3 deep elf pyromancers
  10 mana vipers
  2 necromancers (D:15)
  5 will-o-the-wisps
  5 manticores
  A large abomination (Abyss:4)
  17 black mambas
  21 ugly things
  2 cyclopes
  A worldbinder (Abyss:4)
  10 salamanders
  7 guardian serpents
  A centaur zombie (D:15)
  11 elephants
  An apocalypse crab (Abyss:4)
  15 naga magi
  9 cane toads
  2 rime drakes
  An unseen horror (D:12)
  Psyche (D:8)
  2 centaur skeletons (D:15)
  A freezing wraith (D:14)
  9 komodo dragons
  A tengu conjurer (D:15)
  An efreet (D:14)
  2 ancient zymes (Abyss:4)
  3 kobold demonologists
  3 hydra zombies (Swamp:4)
  A merfolk (D:10)
  3 meliai (D:13)
  12 trolls
  A polar bear (Lair:4)
  13 slime creatures
  2 death drake zombies (Swamp:4)
  5 tyrant leeches
  20 hornets
  4 raiju (Abyss:4)
  3 hydra skeletons (Swamp:4)
  17 blink frogs
  A harpy skeleton (D:15)
  11 dream sheep (Lair:4)
  A death drake skeleton (Swamp:4)
  A vampire (D:10)
  A centaur simulacrum (D:15)
  5 starcursed masses (Abyss:4)
  20 spriggans
  3 wraiths
  2 shadows
  A small abomination (Abyss:4)
  4 wyverns
  48 yaks
  3 hogs
  6 basilisks
  A chaos spawn (Abyss:4)
  A hog (shapeshifter) (D:13)
  3 steam dragons
  A harpy simulacrum (D:15)
  7 vampire mosquitoes
  32 nagas
  2 wargs (D:15)
  Duvessa (D:7)
  4 acid dragons
  3 hydra simulacra (Swamp:4)
  16 water moccasins
  8 swamp worms
  6 swamp drakes
  4 ice beasts
  21 orc warriors
  A hornet zombie (D:15)
  2 sky beasts
  7 black bears
  A black bear (shapeshifter) (Abyss:4)
  45 ogres
  10 wolves
  2 swamp dragon zombies (Swamp:4)
  7 centaurs
  2 phantoms
  A swamp dragon skeleton (Swamp:4)
  6 kobold brigands
  8 bullfrogs
  2 necrophages
  3 gnoll sergeants (D:10)
  3 scorpions
  6 wights
  Dowan (D:7)
  3 howler monkeys
  14 electric eels
  2 lava snakes (D:13)
  4 hounds
  3 jellies
  A gnoll bouda (D:10)
  19 orc priests
  3 iguanas
  11 orc wizards
  A boggart skeleton (D:15)
  19 gnolls
  6 adders
  3 white imps (D:6)
  2 ufetubi
  4 worms
  3 dart slugs
  50 orcs
  4 bats
  6 endoplasms
  8 giant cockroaches
  6 goblins
  2 hobgoblins
  8 jackals (D:1)
  2 quokkas
  6 ball pythons
  6 frilled lizards
  25 kobolds
  9 rats
  7 briar patches (Swamp:4)
  A lurking horror (Abyss:4)
  A starspawn tentacle (Abyss:4)
1038 creatures vanquished.

Vanquished Creatures (others)
  Vashnia (Snake:4)
  A thrashing horror (Abyss:4)
  2 wizards (D:15)
  3 bloated husks
  A human (D:15)
  A naga (Snake:4)
  A swamp worm (Swamp:3)
  A swamp drake (Swamp:4)
  2 briar patches (Swamp:4)
  18 foxfires
  9 fungi
  65 plants
  2 starspawn tentacles (Abyss:4)
107 creatures vanquished.

Grand Total: 1145 creatures vanquished

Notes
Turn   | Place    | Note
-------+----------+-------------------------------------------
     0 | D:1      | Flugkiller the Minotaur Fighter began the quest for the
                  | Orb.
     0 | D:1      | Reached XP level 1. HP: 19/19 MP: 0/0
   271 | D:1      | Reached XP level 2. HP: 19/27 MP: 1/1
  1090 | D:2      | Reached XP level 3. HP: 33/33 MP: 2/2
  1739 | D:2      | Reached XP level 4. HP: 5/40 MP: 3/3
  2644 | D:3      | Reached skill level 5 in Axes
  2644 | D:3      | Reached XP level 5. HP: 45/47 MP: 4/4
  2882 | D:3      | Found a faded altar of an unknown god.
  3282 | D:4      | Reached skill level 5 in Fighting
  3282 | D:4      | Reached skill level 5 in Armour
  3282 | D:4      | Reached XP level 6. HP: 53/56 MP: 5/5
  3384 | D:4      | Noticed a sky beast
  3407 | D:4      | Killed a sky beast
  3476 | D:4      | Paralysed by a gnoll for 5 turns
  3982 | D:4      | Reached XP level 7. HP: 35/62 MP: 6/6
  4577 | D:5      | Entered Level 5 of the Dungeon
  4696 | D:5      | Found a glowing drain.
  4760 | Sewer    | Entered a sewer
  5045 | Sewer    | Reached XP level 8. HP: 69/71 MP: 7/7
  5891 | D:6      | Found a staircase to the Ecumenical Temple.
  5900 | D:5      | HP: 2/71 [poisoned by a water moccasin]
  6602 | Temple   | Entered the Ecumenical Temple
  6769 | Temple   | Became a worshipper of Gozag Ym Sagoz the Greedy
  6957 | D:6      | Reached skill level 10 in Axes
  7331 | D:6      | Reached XP level 9. HP: 60/81 MP: 8/8
  7882 | D:7      | Noticed Duvessa
  7888 | D:7      | Noticed Dowan
  7896 | D:7      | Killed Duvessa
  7900 | D:7      | Killed Dowan
  8581 | D:7      | Found a shadowy altar of Dithmenos.
  8581 | D:7      | Found a glowing golden altar of the Shining One.
  8588 | D:7      | Found a faded altar of an unknown god.
  8590 | D:7      | Found a faded altar of an unknown god.
  8592 | D:7      | Found an iron altar of Okawaru.
  8878 | D:8      | Noticed a kobold demonologist
  8888 | D:8      | Noticed a soul eater
  8888 | D:8      | Killed a kobold demonologist
  9605 | D:8      | Reached XP level 10. HP: 39/91 MP: 9/9
  9906 | D:8      | Noticed Psyche
  9914 | D:8      | Killed Psyche
 10766 | D:9      | Noticed a two-headed ogre
 10778 | D:9      | Killed a two-headed ogre
 10779 | D:9      | Reached skill level 10 in Fighting
 10779 | D:9      | Reached skill level 10 in Armour
 11086 | D:9      | Noticed a cyclops
 11091 | D:9      | Killed a cyclops
 11272 | D:9      | Found a snail-covered altar of Cheibriados.
 11278 | D:9      | Reached skill level 1 in Evocations
 11853 | D:9      | Bought a transparent hand axe for 280 gold pieces
 11853 | D:9      | Identified the +4 hand axe "Iryggud" {vorpal, rN+ Int+2}
                  | (You bought it in a shop on level 9 of the Dungeon)
 11862 | D:10     | Entered Level 10 of the Dungeon
 12062 | D:10     | Reached XP level 11. HP: 86/101 MP: 10/10
 12731 | D:10     | Noticed a two-headed ogre
 12743 | D:10     | Killed a two-headed ogre
 13504 | D:10     | Found an ornate altar of the Wu Jian Council.
 14080 | D:10     | Reached skill level 15 in Axes
 14852 | D:10     | Noticed a two-headed ogre
 14863 | D:10     | Killed a two-headed ogre
 15943 | D:11     | Reached skill level 5 in Shields
 15962 | D:11     | Reached XP level 12. HP: 86/112 MP: 11/11
 16434 | D:11     | Found a staircase to the Lair.
 16703 | D:11     | Noticed a two-headed ogre
 16712 | D:11     | Killed a two-headed ogre
 16781 | D:11     | Found a staircase to the Orcish Mines.
 16886 | D:11     | Noticed Urug
 16901 | D:11     | Killed Urug
 17231 | Lair:1   | Entered Level 1 of the Lair of Beasts
 17302 | Lair:1   | Reached skill level 1 in Dodging
 17343 | Lair:1   | Reached skill level 5 in Evocations
 18190 | Lair:2   | Noticed a death yak
 18190 | Lair:2   | Noticed a death yak
 18191 | Lair:2   | Noticed a death yak
 18191 | Lair:2   | Noticed a death yak
 18192 | Lair:2   | Noticed a death yak
 18192 | Lair:2   | Noticed a death yak
 18198 | Lair:2   | Noticed a four-headed hydra
 18200 | Lair:2   | Killed a death yak
 18204 | Lair:2   | Killed a death yak
 18206 | Lair:2   | Killed a death yak
 18453 | Lair:1   | Killed a two-headed hydra
 18459 | Lair:1   | Killed a death yak
 18469 | Lair:2   | Killed a death yak
 18471 | Lair:2   | Killed a death yak
 18472 | Lair:2   | Reached skill level 5 in Dodging
 18764 | Lair:2   | Noticed an eight-headed hydra
 18769 | Lair:2   | Killed a six-headed hydra
 18770 | Lair:2   | Reached XP level 13. HP: 78/119 MP: 8/12
 19190 | Lair:2   | Found a staircase to the Snake Pit.
 19196 | Lair:2   | Found a staircase to the Swamp.
 19733 | Lair:2   | Identified a scroll of acquirement
 19733 | Lair:2   | Acquired the +3 pair of mountain boots {steadfast, rC+}
 19733 | Lair:2   | Found the +3 pair of mountain boots {steadfast, rC+}
 22023 | Lair:4   | Found a staircase to the Slime Pits.
 22175 | Lair:5   | Entered Level 5 of the Lair of Beasts
 22779 | Lair:5   | Reached XP level 14. HP: 70/130 MP: 7/13
 23501 | Lair:5   | Reached skill level 10 in Dodging
 23830 | Lair:5   | Identified the +4 hand axe of Qomy Lef {vorpal, *Corrode
                  | rF+ rN+ Dex+2}
 24736 | Orc:1    | Entered Level 1 of the Orcish Mines
 24888 | Lair:2   | Bought gold dragon scales for 2080 gold pieces
 25137 | Orc:1    | Noticed an orc warlord
 25161 | Orc:1    | Killed an orc warlord
 25524 | Orc:2    | Entered Level 2 of the Orcish Mines
 25798 | Orc:2    | Found a staircase to the Elven Halls.
 25821 | Orc:2    | Paralysed by an orc sorcerer for 4 turns
 25902 | Orc:2    | Noticed an orc warlord
 26512 | Orc:2    | Reached skill level 15 in Fighting
 26512 | Orc:2    | Reached skill level 15 in Armour
 26616 | Orc:2    | Reached XP level 15. HP: 95/141 MP: 14/14
 26768 | Orc:2    | Found Ugudidd's Magic Scroll Emporium.
 26769 | Orc:2    | Found Cear's Weapon Shop.
 26769 | Orc:2    | Found Xejitina's Armour Emporium.
 26769 | Orc:2    | Found Axzuras's Antique Weapon Boutique.
 27017 | Orc:2    | Identified the +6 scimitar of Modesty {vorpal, Dex+4}
 27042 | Orc:2    | Killed an orc warlord
 28656 | D:13     | Found Erismuxkis's Antique Armour Shop.
 28673 | D:13     | Found Tipnotuz's Antique Weapon Emporium.
 28676 | D:13     | Bought a runed broad axe for 182 gold pieces
 28796 | D:13     | Found a gate to the Vaults.
 29233 | D:13     | Found Ubair's Antique Weapon Emporium.
 29546 | D:14     | Identified the +0 helmet of Usseru {Dex+7}
 29760 | D:14     | Noticed Lodul
 29771 | D:14     | Killed Lodul
 30489 | D:14     | Found a transporter.
 30490 | D:14     | Noticed Flugkiller's ghost (journeyman MiFi)
 30490 | D:14     | Identified the +7 great mace of Veptac {drain, rN+ Dex+3}
 30495 | D:14     | Found a transporter.
 30859 | D:13     | Found Weushre's Armour Shoppe.
 30896 | D:13     | Found Tehiy's Jewellery Shoppe.
 31146 | D:13     | Bought a +1 kite shield of protection for 297 gold pieces
 31214 | D:13     | Bought a +4 ring of protection for 576 gold pieces
 31270 | D:15     | Entered Level 15 of the Dungeon
 31272 | D:15     | Noticed Nessos
 31677 | D:15     | Killed Nessos
 31799 | D:15     | Reached skill level 10 in Shields
 32084 | D:15     | Noticed Kirke
 32105 | D:15     | Killed Kirke
 32137 | D:15     | Reached XP level 16. HP: 152/152 MP: 15/15
 32325 | D:15     | Found a staircase to the Depths.
 32682 | Snake:1  | Entered Level 1 of the Snake Pit
 33674 | Snake:2  | Found Borchu's Antique Armour Shoppe.
 33676 | Snake:2  | Noticed Mlioglotl
 33693 | Snake:2  | Killed Mlioglotl
 33971 | Snake:2  | Bought a twisted cloak for 161 gold pieces
 33971 | Snake:2  | Identified the +0 cloak "Hasar" {Rampage Will+ rCorr Str-5}
                  | (You bought it in a shop on level 2 of the Snake Pit)
 34760 | Snake:3  | Found Buluth's Magic Scroll Emporium.
 34767 | Snake:3  | Bought a scroll of blinking for 105 gold pieces
 34767 | Snake:3  | Found Ylaril's Armour Shoppe.
 34783 | Snake:3  | Noticed Aizul
 34801 | Snake:3  | Reached skill level 15 in Dodging
 34810 | Snake:3  | Killed Aizul
 34886 | Snake:4  | Entered Level 4 of the Snake Pit
 34907 | Snake:4  | Noticed Vashnia
 34937 | Snake:4  | Killed Vashnia
 35114 | Snake:4  | Found a transporter.
 35114 | Snake:4  | Noticed Dadghomedgh's ghost (adept GnHW)
 35116 | Snake:4  | Found a transporter.
 35335 | Snake:4  | Reached XP level 17. HP: 158/162 MP: 16/16
 35856 | Snake:4  | Got a serpentine rune of Zot
 36244 | Swamp:1  | Entered Level 1 of the Swamp
 36267 | Swamp:1  | Found an opulent altar of Gozag.
 36518 | Swamp:1  | Reached skill level 15 in Shields
 37671 | Swamp:3  | HP: 8/166 [18-headed hydra[a spriggan druid] (16)]
 38148 | Swamp:3  | Paralysed by a fenstrider witch for 2 turns
 38690 | Swamp:4  | Entered Level 4 of the Swamp
 38690 | Swamp:4  | Noticed Mara
 38731 | Swamp:3  | Reached XP level 18. HP: 174/174 MP: 14/17
 38742 | Swamp:4  | Noticed Flugkiller's illusion
 38805 | Swamp:3  | Noticed Flugkiller's illusion
 39722 | Swamp:4  | Found a blossoming altar of Fedhas.
 39733 | Swamp:4  | Found a basalt altar of Yredelemnul.
 39851 | Swamp:4  | Got a decaying rune of Zot
 39890 | Abyss:4  | Cast into level 4 of the Abyss (unwielding a weapon of
                  | distortion)
 40080 | Abyss:4  | Noticed a profane servitor
 40106 | Abyss:4  | Got an abyssal rune of Zot
 40260 | Swamp:4  | Escaped the Abyss
 40616 | Swamp:3  | Noticed Flugkiller's illusion
 40617 | Swamp:2  | Found an opulent altar of Gozag.
 40817 | Depths:1 | Entered Level 1 of the Depths
 41050 | Depths:3 | Noticed a tentacled monstrosity
 41051 | Depths:3 | Noticed a lich
 41097 | Depths:3 | Killed a tentacled monstrosity
 41099 | Depths:3 | Noticed Parghit
 41116 | Depths:2 | Killed a lich
 41173 | Depths:2 | fuck off
 41173 | Depths:2 | dumb enemy
 41173 | Depths:2 | dead run tbh anyway
 41431 | Depths:1 | no vuln
 41462 | Depths:1 | Slain by Parghit

Illustrated notes ....### #####..+..#+# #......#....# ##......#.<..# #......##....# +......#.....+ ####......#.....# #......iii[.....# #..^...$@$#'#.### #......$T##.### ########.# .. ### ... .... $ ..... ...... Turn 41173 on Depths:2: fuck off

#.#.##.##.#.##.....)......#
#.#.##}.#.#.##.............
#.#.##..#.#.##.............
#.#.#...#.#.#######....##..
#.#.#...#.#.###.....#### .
#.#.....#.....#####
.#.#.....#.#####
.........Ti# '####....#@#
..2 ##...### ... ##..# ..
#..# #..# .#..# .+..#


Turn 41431 on Depths:1: no vuln

Levels and vault maps discovered:
D:1:      psy_arrival_radial02, layout_basic, serial_aquarium,
          aquarium_bridge_straight [aquarium_subvault_bridge,
          aquarium_subvault_window, aquarium_subvault_bridge,
          aquarium_subvault_wall], aquarium_bridge_straight
          [aquarium_subvault_bridge, aquarium_subvault_balcony,
          aquarium_subvault_bridge, aquarium_subvault_wall], aquarium_window_2,
          aquarium_window_corridor_3, aquarium_window_1, aquarium_view_2d,
          aquarium_pool_four, minmay_misc_feat_tiny
D:2:      layout_loops_cross
D:3:      layout_basic, basic_ecumenical_altar
D:4:      layout_basic
D:5:      layout_rooms, cheibrodos_sewer_entry_drain
D:6:      layout_loops_ring, minmay_temple_entry_junction_2
D:7:      layout_rooms, chequers_temple_overflow_minitemple, uniq_duvessa
D:8:      layout_gridville, uniq_psyche
D:9:      layout_roguey, mainiacjoe_overflow_paths
D:10:     kennysheep_town, serial_shops
D:11:     layout_cave_pods, david_lair_shrubbed, erik_orc_1,
          kennysheep_generic_room_2, uniq_urug
D:12:     layout_cave_pods
D:13:     layout_basic, david_vaults_4, serial_shops, nicolae_square_shop,
          kennysheep_mini, nicolae_stop_n_shop_2, shop,
          nicolae_inconvenience_store, david_defended_altar_orc
D:14:     layout_basic, gammafunk_ghost_smash, uniq_lodul
D:15:     grunt_enter_depths_magical_seal, layout_basic, minivault_14, hex_tiny,
          uniq_nessos, uniq_kirke
Temple:   regret_index_temple_mists
Lair:1:   layout_regular_city, dreamdust_mushroom_princess, lemuel_fruit_tree,
          grunt_megastairs_2, serial_bayou_shore_b, lemuel_fruit_fields
Lair:2:   layout_long_grid, minmay_swamp_entry_eels, dummy_snake_entry
Lair:3:   layout_chaotic_city, serial_bayou_shore_a, grunt_megastairs_1,
          infiniplex_staircase_pool_2
Lair:4:   layout_big_grid, dpeg_slime_entry_corner, serial_bayou_pond_c,
          patterned_corridor, grunt_megastairs_4, infiniplex_staircase_pool
Lair:5:   evilmike_catoblepas_cave, layout_layer_cave
Swamp:1:  layout_basic_swamp, nicolae_swamp_little_tower, swamp_pool4,
          lemuel_altar_in_water2
Swamp:2:  layout_basic_swamp, lemuel_altar_in_water, swamp_pool1
Swamp:3:  layout_basic_swamp, evilmike_swamp_ruin_rubble_1
Swamp:4:  byrel_swamp_growth_death_and_undeath, layout_basic_swamp, swamp_pool3,
          uniq_mara
Snake:1:  layout_onion_interference, grunt_megastairs_5
Snake:2:  layout_chambers, serial_shops, nicolae_shop_hallway_stairs,
          uniq_mlioglotl, uniq_asterion
Snake:3:  layout_grid_shapes, serial_shops, bzr_entry_safe, minmay_shoptagon,
          uniq_aizul
Snake:4:  johnstein_snake_rune_scales, layout_onion, gammafunk_ghost_arena,
          grunt_ministairs_10, uniq_vashnia
Orc:1:    layout_caves, serial_shops, nicolae_shop_stone
Orc:2:    st_orc_ogre_mass, layout_caves, elf_legates
Depths:1: layout_basic, serial_shops, nicolae_shop_advertising_works
          [nicolae_subvault_shop_adworks], grunt_mini_vestibule,
          abyss_entry_flame_altar, special_room [special_room_jelly],
          evilmike_ruin_ashenzari
Depths:2: kennysheep_six_static_rooms, layout_honeycomb, enter_ziggurat_d,
          lemuel_statue_altar, hell_entry, grunt_pan_entry_in_and_out,
          minmay_staircase_windowed_large
Depths:3: kennysheep_water_balloons, layout_cross, grunt_hell_entry_dis_mu,
          abyss_entry, glass_columns_c, infiniplex_staircase_zigzag_2,
          uniq_parghit, uniq_josephina, uniq_enchantress

Skill      XL: |  1  2  3  4  5  6  7  8  9 10 11 12 13 14 15 16 17 18 |
---------------+-------------------------------------------------------+-----
Axes           | 3 4 5 6 8 10 12 14 15 16 18 | 18.0
Armour         | 4 5 6 7 9 10 11 12 13 15 16 17 18 20 | 20.2
Fighting       | 4 5 6 7 9 10 11 12 13 15 16 17 18 20 | 20.2
Evocations     | 2 4 5 6 |  6.0
Shields        | 5 6 10 13 15 | 15.0
Dodging        | 5 9 12 14 15 16 18 | 18.0

Action                   |  1- 3 |  4- 6 |  7- 9 | 10-12 | 13-15 | 16-18 || total
-------------------------+-------+-------+-------+-------+-------+-------++-------
Melee: War axe           |    81 |    97 |   260 |   106 |       |       ||   544
       Headbutt          |     7 |    13 |    51 |   144 |   205 |   398 ||   818
       Hand axe          |       |       |       |   376 |       |       ||   376
       Unarmed           |       |       |       |     5 |       |       ||     5
       Battleaxe         |       |       |       |    89 |   545 |       ||   634
       Broad axe         |       |       |       |       |   366 |  1494 ||  1860
       Punch             |       |       |       |       |     9 |       ||     9
Throw: Boomerang         |       |       |       |       |       |     3 ||     3
Invok: Call Merchant     |       |       |       |     2 |       |       ||     2
       Potion Petition   |       |       |       |       |       |     2 ||     2
Evoke: Wand              |       |       |       |     3 |     3 |     3 ||     9
       Condenser vane    |       |       |       |       |       |     1 ||     1
  Use: Scroll            |       |     1 |    13 |     5 |    21 |    13 ||    53
       Potion            |       |     1 |     2 |     1 |     2 |     6 ||    12
 Stab: Distracted        |       |       |       |     1 |     5 |    24 ||    30
       Paralysed         |       |       |       |       |     3 |       ||     3
       Confused          |       |       |       |       |       |     3 ||     3
       Invisible         |       |       |       |       |       |     1 ||     1
Armor: Scale mail        |    43 |    54 |   114 |       |       |       ||   211
       Plate armour      |       |       |    14 |   293 |   182 |       ||   489
       Skin              |       |       |       |     1 |       |       ||     1
       Gold dragon scale |       |       |       |       |   354 |  1326 ||  1680
Dodge: Dodged            |    49 |    42 |    97 |   122 |   397 |   713 ||  1420
Block: Buckler           |    20 |    13 |    46 |    43 |       |       ||   122
       Kite shield       |       |       |       |    65 |    62 |  1185 ||  1312
